 Dungeon Crawl Stone Soup version 0.28.0 (webtiles) character file.

Game seed: 7109484152696073818

28 SnakkuSnakku7 the Changer (level 2, -1/16 HPs)
             Began as a Deep Elf Transmuter on Feb 8, 2022.
             Succumbed to an adder's poison
             ... on level 2 of the Dungeon.
             The game lasted 00:01:28 (1628 turns).

SnakkuSnakku7 the Changer (Deep Elf Transmuter)     Turns: 1628, Time: 00:01:28

Health: -1/16      AC:  2    Str:  7    XL:     2   Next: 96%
Magic:  7/8        EV: 12    Int: 17    God:
Gold:   61         SH:  0    Dex: 15    Spells: 6/7 levels left

rFire   . . .      SeeInvis .     - Unarmed
rCold   . . .      Faith    .   (no shield)
rNeg    . . .      Spirit   .   a - +0 robe
rPois   .          Reflect  .   (helmet currently unavailable)
rElec   .          Harm     .   (no cloak)
rCorr   .          Rampage  .   (no gloves)
Will    .....                   (boots currently unavailable)
Stlth   +.........              (no amulet)
HPRegen 0.05/turn               (no ring)
MPRegen 0.11/turn               (no ring)

@: lethally poisoned (-1 -> -8), appendages, attractive
A: horns 2, talons 2
a: End Transformation


You were on level 2 of the Dungeon.
You had temporarily grown beastly horns and talons.
You visited 1 branch of the dungeon, and saw 2 of its levels.

You collected 61 gold pieces.

Inventory:

Armour
 a - a +0 robe (worn)
Magical Staves
 h - a staff of conjuration
Jewellery
 b - a +6 ring of dexterity
Scrolls
 d - a scroll of enchant armour {unknown}
 e - a scroll of amnesia {unknown}
 f - 2 scrolls of identify {unknown}
 i - a scroll of summoning {unknown}
 k - a scroll of blinking {unknown}
Potions
 c - a potion of attraction
 g - a potion of ambrosia {unknown}
 j - a potion of curing {unknown}


   Skills:
 - Level 0.7 Fighting
 - Level 2.4 Dodging
 + Level 3.0 Unarmed Combat
 - Level 3.0 Spellcasting
 + Level 3.1 Transmutations


You had 6 spell levels left.
You knew the following spells:

 Your Spells              Type           Power      Damage    Failure   Level
a - Beastly Appendage     Tmut           26%        N/A       4%          1

Your spell library contained the following spells:

 Spells                   Type           Power      Damage    Failure   Level
 Wereblood                Tmut           13%        N/A       8%          2
 Spider Form              Tmut/Pois      7%         N/A       28%         3
 Ice Form                 Ice/Tmut       7%         N/A       67%         4


Dungeon Overview and Level Annotations

Branches:
Dungeon (2/15)

Altars:


Innate Abilities, Weirdness & Mutations

You have temporarily grown beastly horns and talons.


Message History

You hit the adder.
The adder is severely wounded.
You feel sick. The adder closely misses you.
You barely miss the adder. You claw the adder, but do no damage.
The adder is severely wounded.
You feel sick. The adder bites you.
You miss the adder.
The adder is severely wounded.
You feel sick. The adder misses you. x2
Your magical contamination has completely faded away.
You closely miss the adder.
You headbutt the adder, but do no damage.
The adder is severely wounded.
You feel sick. The adder closely misses you.
You closely miss the adder.
The adder is severely wounded.
You feel sick.
You are no longer poisoned.
The adder barely misses you.
You barely miss the adder.
The adder is severely wounded.
The adder bites you but does no damage.
You closely miss the adder. Your kick misses the adder.
The adder is severely wounded.
The adder closely misses you. x2
You barely miss the adder. Your kick misses the adder.
The adder is heavily wounded.
The adder bites you but does no damage.
You miss the adder. Your headbutt misses the adder.
The adder is heavily wounded.
The adder barely misses you.
You hit the adder. Your kick misses the adder. Your headbutt misses the adder.
The adder is severely wounded.
The adder bites you.
* * * LOW HITPOINT WARNING * * *
You are lethally poisoned!
The adder poisons you!
It was a potion of attraction.
You feel attractive to monsters.
You die...

###......<..###...## ##
#...........##.....###.
#.#.........#.......#..
###.#........##.......#..
........(...###...)...#..
##.###....## ##.....###.
#. #.##.# ##...## ##
#.###.##.# ##### #
#.....@..# ####..S###
#..... #.......
#......... +.........+
#.........# ##.....<.##


You could see an adder.

Vanquished Creatures
  A worm (D:2)
  A dart slug (D:1)
  2 bats
  5 endoplasms
  2 giant cockroaches
  2 goblins
  3 hobgoblins (D:1)
  A ball python (D:2)
  A frilled lizard (D:2)
  A kobold (D:1)
  A rat (D:1)
20 creatures vanquished.

Notes
Turn   | Place    | Note
-------+----------+-------------------------------------------
     0 | D:1      | SnakkuSnakku7 the Deep Elf Transmuter began the quest for
                  | the Orb.
     0 | D:1      | Reached XP level 1. HP: 11/11 MP: 6/6
   481 | D:1      | Reached XP level 2. HP: 12/16 MP: 8/8
  1628 | D:2      | Succumbed to an adder's poison

Illustrated notes

Levels and vault maps discovered:
D:1:      psy_arrival_conway, layout_basic
D:2:      kennysheep_six_static_rooms, layout_loops_corners,
          hellmonk_ecumenical_altar_crossroads

Skill      XL: |  1  2 |
---------------+-------+-----
Transmutations | 3 |  3.1
Unarmed Combat | 3 |  3.0
Fighting       | |  0.7
Dodging        | |  2.4
Spellcasting   | |  3.0

Action                   || total
-------------------------++-------
Melee: Unarmed           ||    95
       Kick              ||    11
       Headbutt          ||     6
       Punch             ||     1
 Cast: Beastly Appendage ||    13
  Use: Potion            ||     1
 Stab: Sleeping          ||     1
Armor: Robe              ||    15
Dodge: Dodged            ||    58
